[Event "Titled Tuesday Blitz March 29 Early 2022"]
[White "Mogirzan, Matei-Valeriu"]
[Black "Vakhlamov, Igor L."]
[WhiteFideId "1257455"]
[BlackFideId "24126748"]
[WhiteElo "2257"]
[BlackElo "2807"]
[Result "0-1"]
[Round "04"]
[TimeControl "180+1"]
[Date "2022.03.30"]
[WhiteClock "0:00:01"]
[BlackClock "0:00:07"]

1. e4 c5 2. Nf3 Nc6 3. d4 cxd4 4. Nxd4 g6 5. Nxc6 bxc6 6. Qd4 Nf6 7. e5 Nd5 8. e6 Nf6 9. exf7+ Kxf7 10. c4 d5 11. Nc3 e5 12. Qxe5 Bb4 13. Be3 Re8 14. Qf4 Bg4 15. cxd5 Re4 16. Qg5 cxd5 17. f3 Qa5 18. fxe4 Bxc3+ 19. Bd2 Bxd2+ 20. Qxd2 Qb6 21. Be2 Bxe2 22. Qxe2 Qb4+ 23. Kf1 Nxe4 24. Rd1 Kg8 25. Qd3 Rf8+ 26. Kg1 Rf5 27. Qd4 Qb5 28. h3 Nf2 0-1


[Site "https://www.chess.com"]

[Event "Titled Tuesday Blitz March 29 Early 2022"]
[White "Moksh Amit Doshi"]
[Black "Paravyan, David"]
[WhiteFideId "25064967"]
[BlackFideId "4194985"]
[WhiteElo "2245"]
[BlackElo "2569"]
[Result "0-1"]
[Round "04"]
[TimeControl "180+1"]
[Date "2022.03.29"]
[WhiteClock "0:01:41"]
[BlackClock "0:02:05"]

1. d4 Nf6 2. c4 g6 3. g3 c6 4. Bg2 d5 5. cxd5 cxd5 6. Nc3 Bg7 7. Nf3 Nc6 8. O-O Ne4 9. Bf4 O-O 10. Rc1 Nxc3 11. Rxc3 Bg4 12. e3 Qb6 13. Qb3 Qxb3 14. Rxb3 b6 15. Rc1 Rac8 16. Rbc3 Nb4 17. a3 Nd3 18. R3c2 Nxc1 0-1


[Site "https://www.chess.com"]

[Event "Titled Tuesday Blitz March 29 Early 2022"]
[White "Mortazavi, Ali"]
[Black "Zhao, Jun"]
[WhiteFideId "401323"]
[BlackFideId "8602522"]
[WhiteElo "2339"]
[BlackElo "2547"]
[Result "0-1"]
[Round "04"]
[TimeControl "180+1"]
[Date "2022.03.29"]
[WhiteClock "0:00:04"]
[BlackClock "0:00:03"]

1. Nf3 Nf6 2. g3 d5 3. Bg2 c6 4. O-O Bg4 5. d3 Nbd7 6. c4 e6 7. Be3 Bd6 8. Qb3 Qc7 9. Nc3 O-O 10. Rac1 a6 11. h3 Bxf3 12. exf3 Rac8 13. f4 Qb8 14. cxd5 exd5 15. Rfe1 Rfe8 16. Bd4 Bc5 17. Bxc5 Nxc5 18. Qc2 Ncd7 19. d4 Rxe1+ 20. Rxe1 Re8 21. Re3 Nb6 22. b3 Rxe3 23. fxe3 Qe8 24. Kf2 Nc8 25. g4 Nd6 26. g5 Nd7 27. Qd3 f5 28. Bf3 Qe6 29. h4 g6 30. a4 Kf8 31. Kg3 Ke7 32. Qd2 Nb6 33. h5 Kd8 34. hxg6 hxg6 35. Kf2 Ne4+ 36. Bxe4 fxe4 37. Kg3 Nc8 38. Qh2 Ne7 39. Qh8+ Kc7 40. a5 Qd6 41. Qh7 Kb8 42. Na4 Nf5+ 43. Kh3 Nxe3 44. Nc5 Qc7 45. Qxg6 Qxf4 46. Qe8+ Ka7 47. Nd7 Qg4+ 48. Kh2 Qg2# 0-1


[Site "https://www.chess.com"]

[Event "Titled Tuesday Blitz March 29 Early 2022"]
[White "Nakamura, Hikaru"]
[Black "Timofeev, Artyom"]
[WhiteFideId "2016192"]
[BlackFideId "4140419"]
[WhiteElo "2850"]
[BlackElo "2594"]
[Result "1-0"]
[Round "04"]
[TimeControl "180+1"]
[Date "2022.03.29"]
[WhiteClock "0:00:50"]
[BlackClock "0:00:31"]

1. Nf3 c5 2. b3 d6 3. d4 cxd4 4. Nxd4 Nf6 5. Bb2 g6 6. e3 Bg7 7. c4 O-O 8. Be2 Nc6 9. Nxc6 bxc6 10. O-O c5 11. Nc3 Bb7 12. Qc2 Qb6 13. Rab1 Rfd8 14. Rfd1 Rac8 15. e4 Nd7 16. Nd5 Bxd5 17. exd5 Bxb2 18. Rxb2 Nf6 19. Re1 Re8 20. Bf3 a5 21. g4 h6 22. Qc1 Kg7 23. Rbe2 Rc7 24. h4 a4 25. g5 hxg5 26. hxg5 Ng8 27. Qc3+ Kf8 28. Kg2 axb3 29. axb3 Rb8 30. Re3 Qb4 31. Qh8 Qd2 32. Rd1 Qc2 33. Bg4 Rxb3 34. Ra1 Rb8 35. Be6 fxe6 36. Rf3+ Qf5 37. dxe6 1-0


[Site "https://www.chess.com"]

[Event "Titled Tuesday Blitz March 29 Early 2022"]
[White "Nan, M K Khine Hlyan"]
[Black "Pourkashiyan, Atousa"]
[WhiteFideId "13002899"]
[BlackFideId "12502014"]
[WhiteElo "1943"]
[BlackElo "2247"]
[Result "0-1"]
[Round "04"]
[TimeControl "180+1"]
[Date "2022.03.30"]
[WhiteClock "0:00:13"]
[BlackClock "0:00:59"]

1. e4 c5 2. Nf3 e6 3. d4 cxd4 4. Nxd4 a6 5. Nc3 Qc7 6. Be3 Nf6 7. Bd3 Bb4 8. Bd2 Nc6 9. Nxc6 dxc6 10. O-O Be7 11. Ne2 O-O 12. Bc3 e5 13. f4 Bd6 14. f5 b5 15. a3 c5 16. Ng3 Bb7 17. Kh1 c4 18. Be2 Bxe4 19. Nxe4 Nxe4 20. Bf3 Nxc3 21. bxc3 Rad8 22. Qe1 f6 23. Bd5+ Kh8 24. Be6 Bc5 25. Qh4 Rd2 26. Rf3 h6 27. Rh3 Rfd8 28. Qe1 Rxc2 29. Rd1 Bf2 30. Qf1 Rdd2 31. Rxd2 Rxd2 32. Rf3 Qc5 33. h3 e4 34. Rxf2 Qxf2 35. Qd1 Rxd1+ 36. Kh2 Qf4+ 0-1


[Site "https://www.chess.com"]

[Event "Titled Tuesday Blitz March 29 Early 2022"]
[White "Nguyen Hong Nhung"]
[Black "parintele_chess"]
[WhiteFideId "12412201"]
[WhiteElo "1661"]
[BlackElo "2243"]
[Result "1-0"]
[Round "04"]
[TimeControl "180+1"]
[Date "2022.03.30"]
[WhiteClock "0:00:07"]
[BlackClock "0:00:07"]

1. e4 e5 2. Nf3 Nc6 3. d4 exd4 4. Nxd4 Nf6 5. Nc3 Bb4 6. Nxc6 bxc6 7. Bd3 d5 8. exd5 Nxd5 9. O-O O-O 10. Nxd5 cxd5 11. Qh5 g6 12. Qf3 Bd6 13. h3 c6 14. Bh6 Re8 15. Rfe1 Be6 16. Rad1 Bf8 17. Bxf8 Rxf8 18. c4 Rc8 19. cxd5 Bxd5 20. Qf4 Qc7 21. Qa4 Rfe8 22. Rc1 Qb6 23. b3 Rxe1+ 24. Rxe1 Rd8 25. Bf1 Be6 26. Qf4 Qa5 27. Re2 Rd1 28. Qf3 Rc1 29. g4 Qg5 30. Qe3 Qxe3 31. fxe3 Bd5 32. Kf2 Be4 33. Bg2 Bxg2 34. Kxg2 Kf8 35. Rd2 Rc3 36. Kf3 Ke7 37. Ke4 Ke6 38. Kd4 Rc1 39. Rh2 f5 40. Kd3 Kd5 41. gxf5 gxf5 42. Rf2 Ke5 43. Kd2 Rh1 44. Rf3 Ke4 45. Rf4+ Ke5 46. Rh4 Rh2+ 47. Kc3 Rxa2 48. Rxh7 Ke4 49. Re7+ Kf3 50. h4 Rh2 51. Re5 Rxh4 52. Rxf5+ Kxe3 53. Rf7 c5 54. Re7+ Re4 55. Rxa7 Re5 56. Rd7 Ke4 57. Kc4 Rf5 58. Re7+ Kf3 59. Re1 Kf2 60. Rd1 Ke3 61. Rd5 Rf2 62. Kxc5 Rb2 63. b4 Ke4 64. Rd8 Rc2+ 65. Kb5 Ke5 66. Kb6 Ke6 67. b5 Ke7 68. Rd1 Rb2 69. Kc6 Rd2 70. Rxd2 1-0


[Site "https://www.chess.com"]

[Event "Titled Tuesday Blitz March 29 Early 2022"]
[White "Nozdrachev, Leonid"]
[Black "Federzoni, Enzo"]
[WhiteFideId "24113433"]
[BlackFideId "2173301"]
[WhiteElo "2118"]
[BlackElo "1956"]
[Result "1-0"]
[Round "04"]
[TimeControl "180+1"]
[Date "2022.03.30"]
[WhiteClock "0:01:27"]
[BlackClock "0:01:39"]

1. e4 c5 2. c3 e6 3. d4 d5 4. e5 Nc6 5. Nf3 Qb6 6. Bd3 cxd4 7. cxd4 Bd7 8. O-O Nge7 9. Nc3 Nf5 10. Bxf5 exf5 11. Nxd5 Qd8 12. Bg5 Qa5 13. Nc3 Bb4 14. d5 Ne7 15. e6 fxe6 16. dxe6 Bxe6 17. Re1 Bf7 18. Bxe7 Bxe7 19. Qd6 Qd8 20. Rxe7+ Qxe7 21. Re1 Qxe1+ 22. Nxe1 Rd8 23. Qc7 O-O 24. Qxb7 Rfe8 25. Nf3 Bh5 26. h3 Bxf3 27. gxf3 h6 28. Qxa7 Rd2 29. Qa4 Re1+ 30. Kg2 h5 31. Qb5 g6 32. a4 Rc1 33. a5 Rcc2 34. Qb3+ Kh7 35. Qxc2 Rxc2 36. a6 Rd2 37. b4 Kg7 38. a7 Rd8 39. b5 Kf7 40. b6 1-0


[Site "https://www.chess.com"]

[Event "Titled Tuesday Blitz March 29 Early 2022"]
[White "Oganian, Miran"]
[Black "Garv Gaur"]
[WhiteFideId "4122488"]
[BlackFideId "45030839"]
[WhiteElo "2699"]
[BlackElo "2487"]
[Result "1-0"]
[Round "04"]
[TimeControl "180+1"]
[Date "2022.03.30"]
[WhiteClock "0:00:16"]
[BlackClock "0:00:12"]

1. e4 c6 2. d4 d5 3. f3 e6 4. Nc3 Bb4 5. a3 Bxc3+ 6. bxc3 dxe4 7. Nh3 e5 8. Ng5 exf3 9. Qxf3 Qf6 10. Bc4 Qxf3 11. gxf3 Nh6 12. dxe5 Nd7 13. Bf4 Nb6 14. Bb3 Nd5 15. Bd2 Be6 16. c4 Nc7 17. Bb4 Nf5 18. O-O-O Na6 19. Ne4 Nxb4 20. axb4 O-O 21. Rd3 a5 22. bxa5 Rxa5 23. Kb2 Rxe5 24. c5 Nh4 25. Nd6 Rxc5 26. Nxb7 Rf5 27. Rf1 Bxb3 28. cxb3 g6 29. Nd8 Rf6 30. f4 Nf5 31. Rc1 Ne7 32. Rd7 Nd5 33. Nxc6 Nxf4 34. b4 Ne6 35. b5 Rf5 36. Na7 Rb8 37. Ka3 Rbxb5 38. Nxb5 Rxb5 39. Rc6 Rf5 40. Rc8+ Kg7 41. Rc6 Rf6 42. Rc3 g5 43. Rg3 Kg6 44. h3 h6 45. Rb7 Rf4 46. Rb8 Ng7 47. Rg8 f6 48. Rb3 Kh7 49. Rf8 Ne6 50. Re8 Nc5 51. Rc3 Ne4 52. Rc4 Kg6 53. Rexe4 Rf3+ 54. Kb4 Rxh3 55. Re8 Kf5 56. Rf8 h5 57. Rc6 Kg4 58. Rcxf6 Re3 59. Rf1 h4 60. Rg1+ Rg3 61. Rh1 Rh3 62. Rd1 Rg3 63. Rg8 Kh3 64. Kc4 g4 65. Rh1+ Kg2 66. Rxh4 Kf3 67. Kd4 Rg1 68. Rh7 Rd1+ 69. Kc3 Rg1 70. Rf7+ Kg3 71. Rxg4+ Kxg4 72. Rg7+ Kf3 73. Rxg1 Kf2 74. Rg8 Kf3 75. Re8 Kg4 76. Kd4 Kf4 77. Rf8+ Kg5 78. Ke4 Kg6 79. Rf2 Kg7 80. Rf1 Kh6 81. Kf5 Kg7 82. Rb1 Kf7 83. Rb7+ Ke8 84. Ke6 Kd8 85. Rh7 Kc8 86. Kd6 Kb8 87. Kc6 1-0


[Site "https://www.chess.com"]

[Event "Titled Tuesday Blitz March 29 Early 2022"]
[White "Omariev, Maksim"]
[Black "Gatterer, Florian"]
[WhiteFideId "4193423"]
[BlackFideId "811688"]
[WhiteElo "2517"]
[BlackElo "2218"]
[Result "1/2-1/2"]
[Round "04"]
[TimeControl "180+1"]
[Date "2022.03.30"]
[WhiteClock "0:00:03"]
[BlackClock "0:00:06"]

1. g4 e5 2. Bg2 Nc6 3. c4 Bc5 4. Nc3 d6 5. h3 Nge7 6. e3 h5 7. gxh5 Nf5 8. a3 a5 9. Ne4 Ba7 10. Ng3 Nh4 11. Be4 f5 12. Bxc6+ bxc6 13. Qe2 O-O 14. d3 f4 15. Ne4 d5 16. cxd5 cxd5 17. Nc3 fxe3 18. fxe3 d4 19. Ne4 Nf5 20. Bd2 dxe3 21. Bc3 Bd4 22. Nf3 Bb7 23. Nfg5 Ng3 24. Qg4 Nxh1 25. Qe6+ Kh8 26. Qg6 Bxe4 27. Nxe4 Qe8 28. Qg5 Nf2 29. Nxf2 Bxc3+ 30. Ke2 exf2 31. bxc3 Qf7 32. Rf1 e4 33. dxe4 Qa2+ 34. Ke3 Qc4 35. Qe5 Qf7 36. h6 Qf3+ 37. Kd4 Rf7 38. hxg7+ Rxg7 39. Kc4 Rb8 40. h4 Qe2+ 41. Kc5 Qb5+ 42. Kd4 Qxe5+ 43. Kxe5 Re8+ 44. Kd4 Rf7 45. Ke3 Rg8 46. h5 Rf6 47. h6 Rxh6 48. e5 Re6 49. Rxf2 Rxe5+ 50. Kd4 Rh5 51. Rf7 Rh7 52. Rf6 Rd8+ 53. Kc4 Rhd7 54. Ra6 Kg7 55. Rxa5 Rd6 56. Rc5 R8d7 57. a4 Kf6 58. a5 Ke6 59. Kb4 Ke7 60. c4 Kd8 61. Rh5 Kc8 62. Kb5 Kb7 63. c5 c6+ 64. Kc4 Rd4+ 65. Kc3 Rd1 66. Rh2 Ka6 67. Rb2 Kxa5 68. Rb6 Ka4 69. Rxc6 Kb5 70. Rc8 Ka5 71. c6 Kb6 72. cxd7 Rxd7 73. Rc4 Rc7 74. Rxc7 Kxc7 1/2-1/2


[Site "https://www.chess.com"]

[Event "Titled Tuesday Blitz March 29 Early 2022"]
[White "Osmonbekov, Talaibek"]
[Black "Glavina, Pablo"]
[WhiteFideId "2017253"]
[BlackFideId "100234"]
[WhiteElo "2135"]
[BlackElo "2369"]
[Result "1-0"]
[Round "04"]
[TimeControl "180+1"]
[Date "2022.03.30"]
[WhiteClock "0:00:12"]
[BlackClock "0:00:04"]

1. d4 d5 2. Nc3 Nf6 3. Bf4 c5 4. e3 cxd4 5. exd4 Bf5 6. Nf3 Nc6 7. Ne5 e6 8. Bb5 Qb6 9. g4 Bg6 10. h4 Bb4 11. Bxc6+ bxc6 12. h5 Be4 13. f3 c5 14. a3 Bxc3+ 15. bxc3 cxd4 16. cxd4 Qa5+ 17. Kf1 Rc8 18. fxe4 Nxe4 19. Rh2 f6 20. Nd3 Qc3 21. Be3 O-O 22. Qe1 e5 23. Qxc3 Rxc3 24. dxe5 fxe5+ 25. Kg1 d4 26. Bc1 Re8 27. Bb2 Rcc8 28. Re1 Nf6 29. g5 Ng4 30. Rhe2 Ne3 31. Nxe5 Rxe5 32. Bxd4 Rxg5+ 33. Kf2 Nxc2 34. Rc1 Nxd4 35. Rxc8+ Kf7 36. Rc7+ Kf6 37. Rd2 Rf5+ 38. Ke3 Ne6 39. Rxa7 Re5+ 40. Kf2 Rxh5 41. a4 Rf5+ 42. Kg1 Nc5 43. a5 Nb3 44. Rd6+ Kg5 45. Rxg7+ Kh5 46. Rxh7+ Kg4 47. Rg7+ Kf3 48. a6 Ra5 49. Rd3+ Ke2 50. Rxb3 Rxa6 51. Rg2+ Ke1 52. Rf3 Rf6 53. Rxf6 1-0


[Site "https://www.chess.com"]

[Event "Titled Tuesday Blitz March 29 Early 2022"]
[White "Ovezdurdyyeva, Jemal"]
[Black "Martin Carmona, Gaston Manuel"]
[WhiteFideId "14001888"]
[BlackFideId "22284567"]
[WhiteElo "1946"]
[BlackElo "2161"]
[Result "0-1"]
[Round "04"]
[TimeControl "180+1"]
[Date "2022.03.30"]
[WhiteClock "0:00:13"]
[BlackClock "0:00:49"]

1. e4 c5 2. Nf3 d6 3. d4 cxd4 4. Nxd4 Nf6 5. Nc3 g6 6. Bg5 Bg7 7. Bc4 O-O 8. O-O Nc6 9. Nb3 b6 10. Nd5 Nd7 11. Bb5 Ndb8 12. c3 Bb7 13. Nd4 Re8 14. Ne2 a6 15. Ba4 b5 16. Bb3 Na5 17. Bc2 h6 18. Be3 Nc4 19. Bc1 Nd7 20. Bb3 Ndb6 21. Nef4 Nxd5 22. Nxd5 e6 23. Nf4 Bxe4 24. Qe2 Bb7 25. Bxc4 bxc4 26. Qxc4 Rc8 27. Qb4 Qc7 28. Be3 Qc6 29. f3 Ba8 30. Rad1 Red8 31. Rd2 Rb8 32. Qa3 Bf8 33. b4 d5 34. Qc1 e5 35. Ne2 Bg7 36. Rfd1 g5 37. c4 d4 38. a3 g4 39. Bf2 gxf3 40. Ng3 fxg2 41. Nf5 Bf8 42. Rd3 Kh7 43. Rh3 Qg6 44. Nh4 Qg4 45. Re1 Qxh3 46. Qc2+ d3 47. Qd2 Qg4 48. Re3 Be7 0-1


[Site "https://www.chess.com"]

[Event "Titled Tuesday Blitz March 29 Early 2022"]
[White "Pakleza, Zbigniew"]
[Black "Tsyhanchuk, Stanislav"]
[WhiteFideId "1119290"]
[BlackFideId "13505130"]
[WhiteElo "2467"]
[BlackElo "2078"]
[Result "0-1"]
[Round "04"]
[TimeControl "180+1"]
[Date "2022.03.29"]
[WhiteClock "0:00:07"]
[BlackClock "0:00:18"]

1. d4 Nf6 2. Nf3 e6 3. Bf4 c5 4. c3 Nc6 5. e3 d5 6. Nbd2 Bd6 7. Bg3 O-O 8. Bd3 b6 9. Ne5 Bb7 10. f4 Ne7 11. Qb1 cxd4 12. exd4 a5 13. Bh4 Ng6 14. Nxg6 hxg6 15. g3 Ba6 16. O-O Bxd3 17. Qxd3 Be7 18. Rae1 Ng4 19. Bxe7 Qxe7 20. f5 gxf5 21. Qxf5 exf5 22. Rxe7 Rfe8 23. Rfe1 Kf8 24. Rxe8+ Rxe8 25. Rxe8+ Kxe8 26. c4 Kd7 27. cxd5 Kd6 28. Nc4+ Kxd5 29. Nxb6+ Kxd4 30. Kg2 g6 31. h3 Ne3+ 32. Kf3 Nc2 33. Kf4 Nb4 34. b3 Nxa2 35. Kg5 Nc3 36. Nc4 a4 37. bxa4 Kxc4 38. Kf6 Ne4+ 39. Kxf7 g5 40. Ke6 f4 41. gxf4 gxf4 0-1


[Site "https://www.chess.com"]

[Event "Titled Tuesday Blitz March 29 Early 2022"]
[White "Papasimakopoulos, Alexandros"]
[Black "Lehtosaari, Mauri"]
[WhiteFideId "4244125"]
[BlackFideId "501999"]
[WhiteElo "2340"]
[BlackElo "2512"]
[Result "1-0"]
[Round "04"]
[TimeControl "180+1"]
[Date "2022.03.30"]
[WhiteClock "0:00:08"]
[BlackClock "0:00:05"]

1. d4 d5 2. c4 c6 3. cxd5 cxd5 4. Bf4 Nf6 5. e3 Nc6 6. Nc3 a6 7. Bd3 Bg4 8. Nge2 Bh5 9. Rc1 e6 10. Bg3 Bd6 11. O-O O-O 12. Na4 Rc8 13. Qb3 Na5 14. Rxc8 Qxc8 15. Qb6 Bxe2 16. Bxe2 Bxg3 17. Qxa5 Bd6 18. Bd3 Qc6 19. Nc3 Rc8 20. Qa4 Qxa4 21. Nxa4 b5 22. Nc3 Bb4 23. Ne2 Kf8 24. f3 Ke7 25. Kf2 h6 26. a3 Bd6 27. h3 Nd7 28. e4 Nb6 29. Ke3 Na4 30. b3 Nb6 31. Ra1 Ra8 32. e5 Bc7 33. a4 bxa4 34. bxa4 a5 35. Nc3 Nc4+ 36. Bxc4 dxc4 37. Rb1 Kd7 38. Rb5 f6 39. f4 Rb8 40. g4 Rxb5 41. axb5 Bb6 42. Ke4 fxe5 43. fxe5 g6 44. d5 exd5+ 45. Kxd5 Bc7 46. Na4 Bb8 47. Nb6+ Ke7 48. Nxc4 a4 49. b6 Kd7 50. Kc5 Ke6 51. b7 a3 52. Nxa3 Kxe5 53. Nc4+ Kf4 54. Nb6 Kg3 55. Nd7 Ba7+ 56. Kb5 Kxh3 57. Ka6 Bb8 58. Nxb8 Kxg4 59. Nc6 h5 60. b8=Q 1-0


[Site "https://www.chess.com"]

[Event "Titled Tuesday Blitz March 29 Early 2022"]
[White "Perera Alfonso, Rene Humberto"]
[Black "Papp, Petra"]
[WhiteFideId "3514722"]
[BlackFideId "739049"]
[WhiteElo "2313"]
[BlackElo "2259"]
[Result "0-1"]
[Round "04"]
[TimeControl "180+1"]
[Date "2022.03.30"]
[WhiteClock "0:00:10"]
[BlackClock "0:00:32"]

1. e4 e5 2. Nf3 Nc6 3. Bb5 a6 4. Ba4 Nf6 5. O-O Be7 6. Re1 b5 7. Bb3 O-O 8. a4 Rb8 9. axb5 axb5 10. d3 d5 11. exd5 Nxd5 12. Nxe5 Nxe5 13. Rxe5 c6 14. Qf3 Bd6 15. Re1 Qh4 16. g3 Qh3 17. Nc3 Nxc3 18. bxc3 Bg4 19. Qg2 Qh5 20. Be3 Bf3 21. Qf1 Kh8 22. c4 f5 23. Ra7 Be5 24. Bc5 f4 25. Bxf8 Rxf8 26. h4 fxg3 27. Re7 Qxh4 0-1


[Site "https://www.chess.com"]

[Event "Titled Tuesday Blitz March 29 Early 2022"]
[White "Perez Gormaz, Matias"]
[Black "Bacrot, Etienne"]
[WhiteFideId "3406342"]
[BlackFideId "605506"]
[WhiteElo "2327"]
[BlackElo "2673"]
[Result "1-0"]
[Round "04"]
[TimeControl "180+1"]
[Date "2022.03.29"]
[WhiteClock "0:00:16"]
[BlackClock "0:00:05"]

1. e4 c5 2. Nf3 d6 3. d4 cxd4 4. Nxd4 Nf6 5. Nc3 Nc6 6. Be2 g6 7. Be3 Bg7 8. O-O O-O 9. Qd2 Bd7 10. Rfd1 Qa5 11. Nb3 Qd8 12. Bg5 Rc8 13. Re1 Ne5 14. Rad1 Rxc3 15. Qxc3 Nxe4 16. Qe3 Nxg5 17. Qxg5 Bf6 18. Qe3 a5 19. Nd4 Qc7 20. b3 Nc6 21. Nb5 Qb8 22. c4 Nb4 23. Qd2 b6 24. Nc3 Bxc3 25. Qxc3 Nxa2 26. Qe3 Re8 27. Bf3 Nb4 28. Qd2 Na6 29. h4 Qc8 30. h5 Bg4 31. h6 Bxf3 32. Qc3 f6 33. Qxf3 Nc5 34. Re3 Kf7 35. Qd5+ Kf8 36. Qf3 Qf5 37. Qc6 Qc8 38. Qf3 Qb7 39. Qf4 Qc6 40. Rd5 Kf7 41. Rd1 Qd7 42. Qd4 Qc6 43. Rde1 e5 44. Qd1 Ne6 45. Rd3 Nd4 46. Qg4 Qc8 47. Qe4 Qa8 48. Qg4 Qc8 49. Qe4 f5 50. Qd5+ Qe6 51. Qb7+ Re7 52. Qxb6 Qf6 53. Qxa5 f4 54. Qd5+ Qe6 55. Rxd4 exd4 56. Rxe6 Rxe6 57. Qxd4 g5 58. Qd5 1-0


[Site "https://www.chess.com"]

[Event "Titled Tuesday Blitz March 29 Early 2022"]
[White "Perez Ponsa, Federico"]
[Black "Tsvetkov, Andrey"]
[WhiteFideId "117927"]
[BlackFideId "34139360"]
[WhiteElo "2672"]
[BlackElo "2280"]
[Result "1-0"]
[Round "04"]
[TimeControl "180+1"]
[Date "2022.03.29"]
[WhiteClock "0:01:04"]
[BlackClock "0:00:19"]

1. d4 d5 2. c4 e6 3. Nc3 c6 4. e4 dxe4 5. Nxe4 Bb4+ 6. Bd2 Qxd4 7. Bxb4 Qxe4+ 8. Be2 Na6 9. Bd6 Qxg2 10. Qd2 Bd7 11. O-O-O Nf6 12. Bf3 Qg6 13. Ne2 Ne4 14. Bxe4 Qxe4 15. Qg5 f6 16. Qxg7 O-O-O 17. Nc3 Qxc4 18. Qxf6 Nb4 19. Rd4 Nxa2+ 20. Kc2 Qa6 21. Ra4 Nxc3 22. Rxa6 Ne4 23. Rxa7 Nxd6 24. Qe5 Kc7 25. Qa5+ 1-0


[Site "https://www.chess.com"]

[Event "Titled Tuesday Blitz March 29 Early 2022"]
[White "Posthuma, Joshua"]
[Black "Reprintsev, Alexander"]
[WhiteFideId "2096889"]
[BlackFideId "14100541"]
[WhiteElo "2716"]
[BlackElo "2540"]
[Result "1-0"]
[Round "04"]
[TimeControl "180+1"]
[Date "2022.03.30"]
[WhiteClock "0:00:15"]
[BlackClock "0:00:20"]

1. c4 e5 2. Nc3 Nc6 3. g3 Bc5 4. Bg2 Nf6 5. e3 d5 6. cxd5 Nb4 7. d4 exd4 8. exd4 Be7 9. Nge2 Nbxd5 10. O-O c6 11. Nf4 Nxc3 12. bxc3 O-O 13. Re1 Bd6 14. c4 Bb4 15. Bd2 Bxd2 16. Qxd2 Bf5 17. d5 Rc8 18. Qb4 Qb6 19. Qxb6 axb6 20. Re7 Bd7 21. Nh5 Rfd8 22. Nxf6+ gxf6 23. Rb1 b5 24. Rxd7 Rxd7 25. Bh3 Rcc7 26. Bxd7 Rxd7 27. dxc6 bxc6 28. cxb5 cxb5 29. Rxb5 Ra7 30. Rb2 Ra3 31. Kf1 f5 32. Ke2 Kg7 33. Kd2 Kf6 34. Kc2 Kg5 35. Kb1 Rf3 36. a4 f4 37. a5 fxg3 38. hxg3 Rf6 39. Ra2 Ra6 40. Ra4 Kf5 41. Kc2 Ke5 42. Kc3 Kd5 43. Rh4 f5 44. Kb4 Ra7 45. Rh5 Rb7+ 46. Ka4 Rf7 47. Kb5 Rb7+ 48. Ka6 Rf7 49. Kb6 Rf6+ 50. Kb5 Rf8 51. Rxh7 Rb8+ 52. Ka4 Rb2 53. f4 Rb1 54. a6 Kc5 55. Rc7+ Kd6 56. Rc3 Ra1+ 57. Ra3 Rb1 58. a7 Kc5 59. a8=Q Rb4+ 60. Ka5 Rb5+ 61. Ka6 Rb6+ 62. Ka7 1-0


[Site "https://www.chess.com"]

[Event "Titled Tuesday Blitz March 29 Early 2022"]
[White "Postny, Evgeny"]
[Black "Hakobyan, Aram"]
[WhiteFideId "2804344"]
[BlackFideId "13306677"]
[WhiteElo "2483"]
[BlackElo "2557"]
[Result "0-1"]
[Round "04"]
[TimeControl "180+1"]
[Date "2022.03.29"]
[WhiteClock "0:00:03"]
[BlackClock "0:00:50"]

1. d4 Nf6 2. Nf3 e6 3. Bg5 h6 4. Bxf6 Qxf6 5. e4 d6 6. c3 g6 7. Bd3 Bg7 8. Nbd2 Qe7 9. O-O e5 10. Re1 Nc6 11. Bb5 Bd7 12. d5 Nb8 13. Bxd7+ Nxd7 14. c4 O-O 15. b4 a5 16. a3 f5 17. Qc2 b6 18. h3 h5 19. Nb3 Rf7 20. bxa5 bxa5 21. a4 f4 22. c5 g5 23. Nh2 Nf6 24. Qe2 Bh6 25. cxd6 cxd6 26. f3 Kh8 27. Nd2 Rg8 28. Ra3 Rfg7 29. Kf1 g4 30. fxg4 hxg4 31. hxg4 Nxg4 32. Nxg4 Rxg4 33. Rh3 Rh4 34. Qf3 Rg3 35. Rxg3 fxg3 36. Ke2 Qg5 37. Qd3 Rh2 38. Kd1 Rxg2 39. Re2 Rxe2 40. Qxe2 Qxd2+ 0-1


[Site "https://www.chess.com"]

[Event "Titled Tuesday Blitz March 29 Early 2022"]
[White "Prohorov, Olexandr"]
[Black "Khumalo, Keith"]
[WhiteFideId "14105578"]
[BlackFideId "14319470"]
[WhiteElo "1993"]
[BlackElo "2038"]
[Result "0-1"]
[Round "04"]
[TimeControl "180+1"]
[Date "2022.03.30"]
[WhiteClock "0:00:35"]
[BlackClock "0:00:51"]

1. Nf3 Nf6 2. c4 g6 3. Nc3 Bg7 4. d4 d6 5. g3 O-O 6. Bg2 c6 7. O-O Qa5 8. Qc2 Qh5 9. e4 e5 10. Re1 Bg4 11. dxe5 dxe5 12. Nh4 Na6 13. h3 g5 14. hxg4 Nxg4 15. Nf5 Nb4 16. Qe2 Rfd8 17. f3 Qh2+ 18. Kf1 Nf6 19. Bxg5 Rd7 20. Rad1 Rxd1 21. Rxd1 Nh5 22. Bh4 Bf8 23. f4 Bc5 24. Qf3 exf4 25. gxf4 Nc2 26. Ne2 Ne3+ 27. Nxe3 Qxh4 28. Nf5 Qh2 29. Qg4+ Kh8 30. e5 Rg8 31. Qg3 Nxg3+ 32. Nexg3 Qg1+ 0-1


[Site "https://www.chess.com"]

[Event "Titled Tuesday Blitz March 29 Early 2022"]
[White "Quirke, Jeffrey"]
[Black "Legenia, Artem"]
[WhiteFideId "2013029"]
[BlackFideId "14136945"]
[WhiteElo "2167"]
[BlackElo "1936"]
[Result "1-0"]
[Round "04"]
[TimeControl "180+1"]
[Date "2022.03.30"]
[WhiteClock "0:00:34"]
[BlackClock "0:01:43"]

1. c4 c5 2. Nf3 b6 3. Nc3 Bb7 4. e3 Nf6 5. d4 cxd4 6. exd4 e6 7. a3 d6 8. Be2 Be7 9. O-O O-O 10. Bg5 Nbd7 11. Rc1 h6 12. Bh4 Ne4 13. Bxe7 Qxe7 14. d5 Nxc3 15. Rxc3 e5 16. Nd2 Rac8 17. Qc2 f5 18. f4 e4 19. Nb3 g5 20. Nd4 gxf4 21. Ne6 Rf6 22. Nxf4 Ne5 23. Rg3+ Kh7 24. Nh5 Rf7 25. Rxf5 Ng6 26. Rxf7+ Qxf7 27. Qxe4 Re8 28. Qxe8 1-0


[Site "https://www.chess.com"]

[Event "Titled Tuesday Blitz March 29 Early 2022"]
[White "Rabineau, Clement"]
[Black "Szpar, Milosz"]
[WhiteFideId "628891"]
[BlackFideId "1184989"]
[WhiteElo "2237"]
[BlackElo "2447"]
[Result "0-1"]
[Round "04"]
[TimeControl "180+1"]
[Date "2022.03.30"]
[WhiteClock "0:00:03"]
[BlackClock "0:00:57"]

1. e4 c5 2. c3 Nf6 3. e5 Nd5 4. Bc4 Nb6 5. Bb3 Nc6 6. Nf3 d6 7. exd6 c4 8. Bc2 Qxd6 9. O-O Bg4 10. b3 Qd5 11. Na3 Bxf3 12. Qxf3 Qxf3 13. gxf3 cxb3 14. axb3 e6 15. d4 Bd6 16. Nb5 Bb8 17. Ba3 Kd7 18. Bc5 Nd5 19. Be4 a6 20. Bxd5 exd5 21. Na3 Bc7 22. Nc2 Nd8 23. Ne3 Kc6 24. c4 dxc4 25. bxc4 Ne6 26. d5+ Kxc5 27. dxe6 fxe6 28. Rab1 Kc6 29. Rfe1 Rad8 30. Kg2 Rhe8 31. Re2 Rd4 32. Reb2 b6 33. Rc2 h5 34. Rbc1 h4 35. h3 Rf8 36. Rd1 Rxd1 37. Nxd1 Rf6 38. Ne3 Rg6+ 39. Ng4 a5 40. Kf1 Kc5 41. Ke2 Rg5 42. Ne3 Rg1 43. Rd2 a4 44. Rd7 Kc6 45. Rd3 Bd6 46. Nc2 Bc5 47. Na3 Ra1 48. Nb5 a3 49. Rd8 a2 50. Rc8+ Kd7 51. Rc7+ Kd8 52. Ra7 Bb4 53. Nd4 Bc3 54. Nc6+ Ke8 55. Ra8+ Kf7 56. Nd8+ Kf6 57. Ra7 Re1+ 58. Kd3 a1=Q 0-1


[Site "https://www.chess.com"]

[Event "Titled Tuesday Blitz March 29 Early 2022"]
[White "Rastbod, Ali"]
[Black "Kaminski, Victor"]
[WhiteFideId "12567477"]
[BlackFideId "1131630"]
[WhiteElo "2659"]
[BlackElo "2340"]
[Result "1-0"]
[Round "04"]
[TimeControl "180+1"]
[Date "2022.03.30"]
[WhiteClock "0:00:37"]
[BlackClock "0:00:05"]

1. e4 e5 2. Nf3 Nc6 3. Nc3 Nf6 4. d4 exd4 5. Nxd4 Bb4 6. Nxc6 bxc6 7. Bd3 d5 8. exd5 O-O 9. O-O Bg4 10. Ne2 cxd5 11. c4 dxc4 12. Bxc4 Qxd1 13. Rxd1 Rfe8 14. Be3 h6 15. Rac1 Rad8 16. Rxd8 Rxd8 17. Nd4 Bd2 18. Bxd2 Rxd4 19. Be3 Rd7 20. Bxa7 Rd2 21. Be3 Rxb2 22. a4 Be2 23. Bxe2 Rxe2 24. Ra1 Nd5 25. Bd4 Rd2 26. Be5 f6 27. Bg3 c5 28. a5 c4 29. a6 c3 30. a7 Nb6 31. Bf4 Rd8 32. Bc7 1-0


[Site "https://www.chess.com"]